 Dungeon Sprint DCSS version 0.30.0-18-gc0e69614cb (webtiles) character file.

Game seed: 9201755286071338528

11617 Groucho the Carver (level 11, -2/79 HPs)
             Began as a Gargoyle Gladiator on May 23, 2023.
             Was the Champion of Cheibriados.
             Killed by divine providence
             ... invoked by a smoke demon
             ... summoned by an orc high priest
              (13 damage)
             ... in the Dungeon (Sprint IX: "|||||||||||||||||||||||||||||").
             The game lasted 00:10:13 (2441 turns).

Groucho the Carver (Gargoyle Gladiator)             Turns: 2441, Time: 00:10:14

Health: -2/79      AC: 30    Str: 36    XL:     11   Next: 80%
Magic:  17/20      EV: 21    Int: 24    God:    Cheibriados [******]
Gold:   115        SH:  0    Dex: 30    Spells: 10/10 levels left

rFire   . . .        p - +9 sword of Zonguldrok {reap}
rCold   . . .        (no shield)
rNeg    + . .        h - +0 plate armour
rPois   ∞            c - +0 helmet
rElec   +            q - +0 cloak
rCorr   .            r - +0 pair of gloves
SInv    .            A - +0 pair of boots
Will    .....        (no amulet) Stlth
                     t - +3 ring of strength
HPRegen 0.33/turn    b - +2 ring of evasion
MPRegen 0.17/turn

%: no teleportation
@: very slow
A: sickness immunity, AC +8, negative energy resistance 1, electricity
resistance, torment resistance 1, petrification resistance
a: Renounce Religion, Bend Time, Temporal Distortion, Slouch, Step From Time


You were in the Dungeon.
You worshipped Cheibriados.
Cheibriados was exalted by your worship.
You visited 1 branch You collected 115 gold pieces.

Inventory:

Hand Weapons
 a - a +0 flail
 f - a +0 shortbow
 o - a +2 heavy dire flail
 p - the +9 sword of Zonguldrok (weapon) {reap}
   (You found it in the Dungeon)
Missiles
 d - 3 throwing nets (quivered)
 e - a javelin
Armour
 c - a +0 helmet (worn)
 h - a +0 plate armour (worn)
 q - a +0 cloak (worn)
 r - a +0 pair of gloves (worn)
 A - a +0 pair of boots (worn)
Jewellery
 b - a +2 ring of evasion (right hand)
 t - a +3 ring of strength (left hand)
Wands
 n - a wand of roots (13)
Scrolls
 k - a scroll of blinking
 m - 2 scrolls of amnesia
 w - 3 scrolls of identify
 x - a scroll of fear
 y - 2 scrolls of fog
 z - a scroll of silence
Potions
 g - 4 potions of might
 i - 4 potions of magic
 j - a potion of berserk rage
 l - 3 potions of curing
 u - a potion of resistance
 v - a potion of brilliance


   Skills:
 + Level 13.7 Fighting
 * Level 14.4 Long Blades
 - Level 6.5 Maces & Flails
 - Level 1.7 Throwing
 + Level 13.4 Armour
 + Level 10.9 Dodging
 + Level 12.2 Invocations


You had 10 spell levels left.
You didn't know any spells.
Your spell library contained the following spells:

 Spells                   Type           Power      Damage    Failure   Level
 Cause Fear               Hex            0%         N/A       100%        4
 Dragon Form              Tmut           0%         N/A       100%        7
 Dragon's Call            Summ           0%         N/A       100%        9


Dungeon Overview and Level Annotations

Branches:
Dungeon (1/1)

Altars:
Cheibriados
Dithmenos
Elyvilon
Fedhas
Gozag
Hepliaklqana
Kikubaaqudgha
Makhleb
Nemelex Xobeh
Okawaru
Qazlal
Ru
Sif Muna
Trog
Uskayaw
Vehumet
Wu Jian
Xom
Yredelemnul
Zin
The Shining One
Jiyva
Lugonu


Innate Abilities, Weirdness & Mutations

You are immune to sickness and miasma.
Your stone body is resilient. (AC +8)
You are immune to poison.
You resist negative energy. (rN+)
You are resistant to electric shocks. (rElec)
You are resistant to unholy torment.
You are immune to petrification.


Message History

You kill the orc!
Cheibriados thoroughly appreciates the change of pace.
You kill the orc priest!
Cheibriados appreciates the change of pace.
Unknown command.
Unknown command.
Unknown command.
Unknown command.
You now have 115 gold pieces (gained 100).
Things that are here:
a +0 dagger; a +0 robe; an orc corpse An orc high priest comes into view.
It is wielding a +0 glaive.
The orc high priest shouts!
The orc high priest mumbles some strange prayers to Beogh.
Things that are here:
a +0 hand axe; a +0 leather armour; 50 gold pieces The smoke demon gestures at you.
Beogh smites you!
Things that are here:
a +0 mace; 100 gold pieces The orc high priest mumbles some strange prayers.
The orc high priest calls down the wrath of Beogh upon you.
Beogh smites you!
* * * LOW HITPOINT WARNING * * *
The smoke demon closely misses you. The smoke demon misses you.
The smoke demon closely misses you.
The orc high priest prays to Beogh.
The smoke demon hits you but does no damage.
The smoke demon misses you.
The smoke demon hits you but does no damage.
Things that are here:
a +0 flail; 50 gold pieces; an orc corpse You swap places.
The orc high priest invokes the aid of Beogh against you.
Beogh smites you!
* * * LOW HITPOINT WARNING * * *
Your orc priest zombie closely misses the smoke demon.
The smoke demon gestures at you. Beogh smites you!
You die...

___________________'.....)....)†.
▓▓▓▓▓▓▓▓▓▓▓▓▓▓▓▓▓▓▓▓▓▓▓▓▓▓▓▓▓▓▓▓▓
...............Z..............ZZZ
▓▓▓▓▓▓▓▓▓▓▓▓▓▓▓▓▓▓▓▓▓▓▓▓▓▓▓▓▓▓▓▓▓
....'.........††....(.).....'....
▓▓▓▓▓▓▓▓▓▓▓▓▓▓▓▓▓▓▓▓▓▓▓▓▓▓▓▓▓▓▓▓▓
...Z..Z....Z....ZZ...Z.Z....ZZZZ.
▓▓▓▓▓▓▓▓▓▓▓▓▓▓▓▓▓▓▓▓▓▓▓▓▓▓▓▓▓▓▓▓▓
+.3.o)3Z@ZZ)$Z)..........
▓▓▓▓▓▓▓▓▓▓▓▓▓▓▓▓▓▓▓▓▓▓▓▓▓


You could see a soul eater (summoned), an orc high priest (ally target), a smoke
demon (summoned, ally target), a friendly catoblepas zombie, a friendly orc
warrior zombie, a friendly orc priest zombie and the friendly Psyche the human
zombie.

Vanquished Creatures
  3 catoblepae (D)
  A hydra (D)
  3 death yaks (D)
  A skyshark (D)
  An orc knight (D)
  An ugly thing (D)
  A black mamba (D)
  An elephant (D)
  A gargoyle (D)
  2 cane toads (D)
  2 rime drakes (D)
  Psyche (D)
  2 komodo dragons (D)
  An unseen horror (D)
  2 trolls (D)
  A slime creature (D)
  3 yaks (D)
  A slime creature zombie (D)
  A vampire mosquito (D)
  A cane toad zombie (D)
  2 water moccasins (D)
  2 orc warriors (D)
  An ice beast (D)
  A centaur (D)
  A kobold brigand (D)
  2 bullfrogs (D)
  A water moccasin zombie (D)
  3 orc priests (D)
  An iguana (D)
  3 orc wizards (D)
  A gnoll (D)
  An ufetubus (D)
  4 orcs (D)
  A ball python (D)
  A bat (D)
  A kobold (D)
  An orc zombie (D)
  2 rats (D)
59 creatures vanquished.

Vanquished Creatures (collateral kills)
  A skyshark (D)
  A polar bear (D)
  A yak (D)
  An acid dragon (D)
4 creatures vanquished.

Vanquished Creatures (others)
  An ugly thing zombie (D)
  2 unseen horror zombies (D)
  An unseen horror (D)
  A shadow (D)
  An elephant zombie (D)
  A komodo dragon zombie (D)
  A yak zombie (D)
  A water moccasin zombie (D)
  A troll zombie (D)
  A polar bear zombie (D)
11 creatures vanquished.

Grand Total: 74 creatures vanquished

Notes
Turn   | Place    | Note
-------+----------+-------------------------------------------
     0 | D        | Groucho the Gargoyle Gladiator began the quest for the Orb.
     0 | D        | Reached XP level 1. HP: 12/12 MP: 1/1
     9 | D        | Reached skill level 1 in Armour
    18 | D        | Noticed a centaur
    18 | D        | Noticed an iguana
    18 | D        | Noticed an ice beast
    28 | D        | Killed an ice beast
    29 | D        | Reached skill level 5 in Fighting
    29 | D        | Reached skill level 5 in Maces & Flails
    29 | D        | Reached XP level 2. HP: 21/21 MP: 2/2
    29 | D        | Reached XP level 3. HP: 26/26 MP: 3/3
    29 | D        | Reached XP level 4. HP: 31/31 MP: 4/4
    47 | D        | Reached skill level 5 in Armour
    47 | D        | Reached XP level 5. HP: 29/36 MP: 5/5
    59 | D        | Killed a centaur
    60 | D        | Reached skill level 5 in Dodging
   115 | D        | Found a snail-covered altar of Cheibriados.
   115 | D        | Found a shadowy altar of Dithmenos.
   115 | D        | Found a white marble altar of Elyvilon.
   115 | D        | Found a blossoming altar of Fedhas.
   115 | D        | Found an opulent altar of Gozag.
   116 | D        | Found a hazy altar of Hepliaklqana.
   117 | D        | Found a viscous altar of Jiyva.
   118 | D        | Found an ancient bone altar of Kikubaaqudgha.
   119 | D        | Became a worshipper of Cheibriados the Contemplative
   120 | D        | Found a corrupted altar of Lugonu.
   121 | D        | Found a burning altar of Makhleb.
   122 | D        | Found a sparkling altar of Nemelex Xobeh.
   123 | D        | Found an iron altar of Okawaru.
   124 | D        | Found a stormy altar of Qazlal.
   125 | D        | Found a sacrificial altar of Ru.
   126 | D        | Found a shimmering blue altar of Sif Muna.
   127 | D        | Found a bloodstained altar of Trog.
   128 | D        | Found a hide-covered altar of Uskayaw.
   129 | D        | Found a radiant altar of Vehumet.
   130 | D        | Found an ornate altar of the Wu Jian Council.
   131 | D        | Found a shimmering altar of Xom.
   132 | D        | Found a basalt altar of Yredelemnul.
   133 | D        | Found a glowing silver altar of Zin.
   134 | D        | Found a glowing golden altar of the Shining One.
   142 | D        | Found the +9 sword of Zonguldrok {reap}
   190 | D        | Noticed a kobold brigand
   190 | D        | Noticed a vampire mosquito
   190 | D        | Noticed a shadow
   190 | D        | Noticed a troll
   190 | D        | Noticed a gargoyle
   190 | D        | Noticed an orc warrior
   193 | D        | Killed an orc warrior
   194 | D        | Reached skill level 1 in Long Blades
   194 | D        | Reached XP level 6. HP: 41/42 MP: 6/6
   197 | D        | Killed a shadow
   198 | D        | Killed a gargoyle
   199 | D        | Reached skill level 4 in Long Blades
   199 | D        | Reached XP level 7. HP: 32/49 MP: 6/10
   207 | D        | Killed a troll
   207 | D        | Reached * piety under Cheibriados
   208 | D        | Reached skill level 6 in Long Blades
   208 | D        | Reached skill level 5 in Invocations
   208 | D        | Killed a vampire mosquito
   209 | D        | Reached XP level 8. HP: 43/55 MP: 7/12
   210 | D        | Reached ** piety under Cheibriados
   268 | D        | Noticed a slime creature
   268 | D        | Noticed a green ugly thing
   268 | D        | Noticed a troll
   273 | D        | Killed a troll
   274 | D        | Reached skill level 7 in Long Blades
   280 | D        | Killed an unseen horror
   280 | D        | Reached *** piety under Cheibriados
   293 | D        | Killed a green ugly thing
   294 | D        | Reached skill level 8 in Long Blades
   294 | D        | Reached XP level 9. HP: 35/62 MP: 14/14
   297 | D        | Reached **** piety under Cheibriados
   298 | D        | Reached skill level 10 in Fighting
   302 | D        | Killed an unseen horror
   303 | D        | HP: 1/62 [acid dragon/splash of acid (25)]
   312 | D        | Reached skill level 9 in Long Blades
   775 | D        | Noticed a komodo dragon
   775 | D        | Noticed a cane toad
   776 | D        | Noticed a skyshark
   778 | D        | Reached ***** piety under Cheibriados
   779 | D        | Reached skill level 10 in Armour
   780 | D        | Noticed a cane toad
   782 | D        | Killed a cane toad
   787 | D        | Killed a komodo dragon
   788 | D        | Reached skill level 10 in Long Blades
   816 | D        | Killed a skyshark
   817 | D        | Reached XP level 10. HP: 43/70 MP: 16/16
   820 | D        | Reached ****** piety under Cheibriados
   829 | D        | Killed a cane toad
   830 | D        | Reached skill level 11 in Long Blades
   841 | D        | Noticed a skyshark
   841 | D        | Noticed a death yak
   849 | D        | Reached skill level 10 in Invocations
   857 | D        | Killed a death yak
   858 | D        | Reached skill level 12 in Long Blades
   858 | D        | Killed a skyshark
  1187 | D        | Noticed a black mamba
  1187 | D        | Noticed an elephant
  1191 | D        | Noticed a five-headed hydra
  1192 | D        | Killed a black mamba
  1195 | D        | Killed an elephant
  1196 | D        | Reached XP level 11. HP: 76/76 MP: 17/19
  1204 | D        | Killed a nine-headed hydra
  1205 | D        | Reached skill level 10 in Dodging
  1757 | D        | Noticed a death yak
  1757 | D        | Noticed a death yak
  1757 | D        | Noticed a catoblepas
  1764 | D        | Killed a catoblepas
  1765 | D        | Reached skill level 13 in Long Blades
  1770 | D        | Killed a death yak
  1774 | D        | Noticed a catoblepas
  1777 | D        | Noticed a catoblepas
  1778 | D        | Killed a death yak
  1789 | D        | Killed a catoblepas
  1798 | D        | Killed a catoblepas
  1799 | D        | Reached skill level 14 in Long Blades
  2322 | D        | Noticed Psyche
  2329 | D        | Killed Psyche
  2417 | D        | Noticed an orc knight
  2428 | D        | Killed an orc knight
  2438 | D        | Noticed an orc high priest
  2441 | D        | Noticed a soul eater
  2441 | D        | Killed from afar by a smoke demon

Illustrated notes

Levels and vault maps discovered:
D:        linesprint [early_d, line_temple, items_1, d_10, items_2, lair_1,
          lair_end, items_3, orc_1, orc_end, items_4, d_15, swamp_1, shoals_1,
          snake_1, spider_1, d_20, vaults_1, items_5, swamp_end, shoals_end,
          snake_end, spider_end, vaults_end, d_27, items_6, zot_1, zot_end,
          crypt_end, forest_end, elf_end, slime_end, tomb_end, abyss_end,
          pan_hell_end]

Skill      XL: |  1  2  3  4  5  6  7  8  9 10 11 |
---------------+----------------------------------+-----
Armour         | 4 5 6 7 8 9 10 12 13 | 13.4
Fighting       | 5 6 8 9 11 12 13 | 13.7
Maces & Flails | 5 6 |  6.5
Dodging        | 4 5 6 7 8 9 10 | 10.9
Long Blades    | 1 4 6 8 10 12 14 | 14.4
Invocations    | 4 5 7 9 10 12 | 12.2
Throwing       | |  1.7

Action                     |  1- 3 |  4- 6 |  7- 9 | 10-12 || total
---------------------------+-------+-------+-------+-------++-------
  Melee: Flail             |    17 |    29 |       |       ||    46
         Punch             |       |     1 |     1 |     3 ||     5
         Double sword      |       |     7 |    48 |    82 ||   137
 Invoke: Slouch            |       |       |       |     5 ||     5
    Use: Potion            |     1 |     2 |     4 |       ||     7
         Scroll            |       |       |     1 |       ||     1
   Stab: Invisible         |       |     2 |     2 |       ||     4
 Armour: Leather armour    |     4 |    11 |       |       ||    15
         Scale mail        |       |     1 |     7 |       ||     8
         Plate armour      |       |       |    30 |    36 ||    66
  Dodge: Dodged            |     8 |    26 |    48 |    50 ||   132
